 Dungeon Crawl Stone Soup version 0.24.0-37-gcf1ca852f1 (webtiles) character file.

Game seed: 10419165039410365042, levelgen mode: deterministic

813 Mrkan the Ruffian (level 7, -1/63 HPs)
             Began as a Troll Monk on Nov 29, 2019.
             Was a Believer of Hepliaklqana.
             Slain by a wight
             ... wielding a +3 battleaxe
              (6 damage)
             ... on level 5 of the Dungeon.
             The game lasted 00:05:20 (2696 turns).

Mrkan the Ruffian (Troll Monk)                      Turns: 2696, Time: 00:05:20

Health: -1/63      AC:  6    Str: 20    XL:     7   Next: 61%
Magic:  6/6        EV:  9    Int:  8    God:    Hepliaklqana [**....]
Gold:   80         SH:  0    Dex: 12    Spells: 6/6 levels left

rFire    . . .     SeeInvis .     - Unarmed
rCold    . . .     Gourm    +   (no shield)
rNeg     . . .     Faith    .   a - +0 robe
rPois    .         Spirit   .   (helmet restricted)
rElec    .         Reflect  .   (no cloak)
rCorr    .         Harm     .   (gloves unavailable)
MR       .....                  (boots unavailable)
Stlth    +.........             (no amulet)
HPRegen  0.60/turn              (no ring)
MPRegen  0.10/turn              (no ring)

@: heavily drained
A: large, unfitting armour, reduced essence, claws 3, fast metabolism 3,
gourmand, regeneration 1, shaggy fur 1, tough skin 3
a: Recall Ancestor, Ancestor Identity, Renounce Religion


You were on level 5 of the Dungeon.
You worshipped Hepliaklqana.
Hepliaklqana was pleased with you.
You were very full.

You visited 1 branch of the dungeon, and saw 5 of its levels.

You collected 80 gold pieces.

Inventory:

Missiles
 j - 5 silver javelins (quivered)
Armour
 a - a +0 robe (worn)
Jewellery
 f - a cursed ring of attention {unknown}
 t - an uncursed amulet of magic regeneration {unknown}
 u - a +2 ring of dexterity
 x - an uncursed ring of protection from cold {unknown}
 y - a cursed -3 ring of protection {unknown}
 B - an uncursed ring of protection from magic {unknown}
Wands
 l - a wand of random effects (16)
 r - a wand of enslavement (12)
Scrolls
 c - 5 scrolls of remove curse {unknown}
 e - 6 scrolls of identify {unknown}
 h - a scroll of enchant armour {unknown}
 o - 2 scrolls of fog {unknown}
 q - 2 scrolls of teleportation {unknown}
 s - a scroll of fear {unknown}
 v - 2 scrolls of blinking {unknown}
 w - 2 scrolls of magic mapping {unknown}
 z - a scroll of random uselessness {unknown}
 A - a scroll of amnesia {unknown}
Potions
 d - a potion of magic {unknown}
 g - a potion of lignification {unknown}
 i - a potion of flight {unknown}
 k - a potion of invisibility {unknown}
 m - 2 potions of cancellation {unknown}
 n - a potion of haste {unknown}
 p - a potion of berserk rage {unknown}
Comestibles
 b - 10 rations


   Skills:
 + Level 4.7(3.1) Fighting
 - Level 2.4(0.9) Dodging
 - Level 1.0(0.0) Stealth
 * Level 7.7(6.0) Unarmed Combat


You had 6 spell levels left.
You didn't know any spells.
Your spell library was empty.

Dungeon Overview and Level Annotations

Branches:
Dungeon (5/15)
 Temple: D:4-7

Altars:
Hepliaklqana
Qazlal

Annotations:
D:3 1 runed translucent door, dasteron's ghost, amateur GrFi


Innate Abilities, Weirdness & Mutations

You are too large for most types of armour.
You have claws for hands.
Your metabolism is lightning-fast.
You like to eat raw meat.
Your natural rate of healing is unusually fast.
You are covered in fur. (AC +1)
You have extremely tough skin. (AC +3)
Your life essence is reduced to manifest your ancestor. (-10% HP)


Message History

The wight seems to slow down.
The wight barely misses Tlaloc.
Tlaloc hits the wight with a +0 dagger of draining.
You claw the wight! You claw the wight.
The wight is heavily damaged.
Tlaloc points at the wight and mumbles some strange words.
The wight resists with some effort.
The wight hits Tlaloc with a cursed +3 dagger.
Tlaloc points at the wight and mumbles some strange words.
The wight appears confused.
The wight barely misses you.
You closely miss the wight.
The wight is heavily damaged.
The wight hits Tlaloc but does no damage.
Tlaloc casts a spell at the wight.
The wight resists with some effort.
You barely miss the wight.
The wight is heavily damaged.
The wight closely misses you. The wight hits you with a +3 battleaxe.
You die...

#......##.
....#.##.#
.......#.###.##.##..
.....[#........####
#....#####.##.....
#....# #.#######
#....#####.#
+..zR'.....#
#zz..####### #@z..#
######


You could see the friendly Tlaloc the hexer and 4 wights.

Vanquished Creatures
  Eustachio (D:4)
  Menkaure (D:4)
  Blork the orc (D:4)
  A scorpion (D:4)
  A wight (D:5)
  2 hounds
  An orc wizard (D:4)
  2 orc priests (D:4)
  An iguana (D:4)
  2 worker ants (D:4)
  A gnoll (D:1)
  4 adders
  A shadow imp (D:5)
  3 worms
  3 dart slugs
  2 leopard geckos
  11 orcs
  3 ball pythons
  12 bats
  6 giant cockroaches
  5 goblins
  5 hobgoblins
  16 jackals
  11 kobolds
  A quokka (D:2)
  4 frilled lizards
  2 rats
103 creatures vanquished.

Notes
Turn   | Place    | Note
-------+----------+-------------------------------------------
     0 | D:1      | Mrkan the Troll Monk began the quest for the Orb.
     0 | D:1      | Reached XP level 1. HP: 22/22 MP: 0/0
   124 | D:1      | Reached XP level 2. HP: 23/29 MP: 1/1
   446 | D:1      | Reached XP level 3. HP: 36/36 MP: 2/2
   461 | D:1      | Reached skill level 4 in Unarmed Combat
   834 | D:2      | Reached XP level 4. HP: 45/45 MP: 3/3
  1406 | D:3      | Found a runed translucent door.
  1408 | D:3      | Noticed dasteron's ghost (amateur GrFi)
  1425 | D:3      | Found a stormy altar of Qazlal.
  1791 | D:4      | Reached skill level 5 in Unarmed Combat
  1791 | D:4      | Reached XP level 5. HP: 50/53 MP: 4/4
  1882 | D:4      | Noticed Blork the orc
  1883 | D:4      | Noticed Eustachio
  1890 | D:4      | Killed Blork the orc
  1890 | D:4      | Reached skill level 6 in Unarmed Combat
  1890 | D:4      | Reached XP level 6. HP: 56/62 MP: 5/5
  1894 | D:4      | Killed Eustachio
  1987 | D:4      | Reached XP level 7. HP: 63/70 MP: 6/6
  2015 | D:4      | Noticed Menkaure
  2025 | D:4      | Killed Menkaure
  2025 | D:4      | Reached skill level 7 in Unarmed Combat
  2430 | D:5      | Entered Level 5 of the Dungeon
  2519 | D:5      | Found a hazy altar of Hepliaklqana.
  2530 | D:5      | Became a worshipper of Hepliaklqana the Forgotten
  2530 | D:5      | Reached * piety under Hepliaklqana
  2530 | D:5      | Reached ** piety under Hepliaklqana
  2531 | D:5      | Remembered your ancestor Tlaloc as a hexer
  2689 | D:5      | HP: 2/63 [wight/+0 morningstar (5)]
  2696 | D:5      | Slain by a wight

Levels and vault maps discovered:
D:1:      sevenhm_arrival_forest_fort_small_3, layout_loops_ring
D:2:      layout_rooms
D:3:      layout_loops_ring, ebering_ghost_reflecting_pool,
          corexii_corridor_pit, grunt_ministairs_2, corexii_hall_statues_l,
          nicolae_qazlal_general_emergency
D:4:      layout_cave_pools, uniq_blork_the_orc, uniq_menkaure, uniq_eustachio
D:5:      layout_basic, kennysheep_mini, minmay_temple_entry_mini_moons,
          first_ration, serial_bayou_lagoon_a

Skill      XL: |  1  2  3  4  5  6  7 |
---------------+----------------------+-----
Unarmed Combat | 4 5 6 7 |  7.7
Fighting       | 3 4 |  4.7
Dodging        | |  2.4
Stealth        | |  1.0

Action                   |  1- 3 |  4- 6 |  7- 9 || total
-------------------------+-------+-------+-------++-------
Melee: Unarmed           |    94 |   130 |    34 ||   258
       Punch             |     1 |     2 |     3 ||     6
Invok: Ancestor Life: He |       |       |     1 ||     1
       Ancestor Identity |       |       |     1 ||     1
 Stab: Sleeping          |       |     2 |       ||     2
       Distracted        |       |     1 |       ||     1
  Eat: Chunk             |    13 |    10 |     6 ||    29
Armor: Robe              |    34 |    47 |     7 ||    88
Dodge: Dodged            |    65 |    71 |    16 ||   152
